Senateurs vs Jets
Created - April 3, 2025 at 22:06
Goals
|
| Senateurs |
1 |
1 |
4 |
6 |
| Jets |
1 |
2 |
1 |
4 |
|
Shots
|
| Senateurs |
17 |
9 |
14 |
40 |
| Jets |
11 |
14 |
4 |
29 |
|
1st period
1. Senateurs , Michael Frolik 22 (Nick Bjugstad 51, Alex Iafallo 40) at 14:11
2. Jets , Anthony Mantha 22 (Troy Stetcher 17, Jack Roslovic 21) at 15:37 (PP)
Penalties :
Jordan Martinook (Ott) for Cross-checking (Minor) at 0:43, Ryan Murray (Win) for Slashing (Minor) at 11:16, Brendan Smith (Ott) for Interference (Minor) at 15:19, Pavel Buchnevich (Win) for High sticking (Minor) at 19:06
2nd period
3. Jets , Troy Stetcher 7 (Jack Roslovic 22, Anthony Mantha 23) at 1:54 (PP)
4. Senateurs , Nick Bjugstad 31 (Anton Lindholm 12) at 3:39
5. Jets , Adam Larsson 1 (Tyler Seguin 41) at 10:57
Penalties :
Zachary Sanford (Ott) for Slashing (Minor) at 1:12, Dylan Strome (Win) for Goalie Interference (Minor) at 4:57
3rd period
6. Senateurs , Jordan Martinook 18 (Adam Henrique 20, Jared Cowen 29) at 5:48
7. Jets , Tyler Seguin 19 (Adam Larsson 14, Dougie Hamilton 21) at 12:15 (PP)
8. Senateurs , Richard Panik 14 (Zachary Sanford 12, Quinton Howden 14) at 14:44
9. Senateurs , Zachary Sanford 12 (Quinton Howden 15, Richard Panik 14) at 15:52
10. Senateurs , Riley Sheahan 4 (Adam Henrique 21, Richard Panik 15) at 18:36
Penalties :
Eric Gelinas (Ott) for Tripping (Minor) at 1:11, Justin Schultz (Ott) for Tripping (Minor) at 11:50, Michael Frolik (Ott) for Tripping (Minor) at 16:09
Goalie Stats
Mikko Koskinen (Ott), 25 saves from 29 shots - (0.862), W, 19-5-0, 60:00 minutes
Jacob Markstrom (Win), 34 saves from 40 shots - (0.850), L, 30-24-3, 60:00 minutes
Players Stats for Senateurs
Player Name G A P +/- PIM S H SB GA TA FO MP PP MP PK MP
------------------------------------------------------------------------------------
Adam Henrique 0 2 2 2 0 1 1 0 2 0 5/9 16:41 2:21 2:29
Alex Iafallo 0 1 1 2 0 1 1 3 0 1 0/1 22:25 3:23 4:50
Anthony Beauvillier 0 0 0 0 0 2 1 0 0 0 0/1 8:09 0:13 0:00
Anton Lindholm 0 1 1 1 0 0 1 0 0 0 0/0 8:49 0:00 0:00
Brendan Smith 0 0 0 0 2 1 1 0 0 0 0/0 9:40 0:00 1:09
Christoph Bertschy 0 0 0 0 0 2 0 0 1 0 2/5 7:44 0:00 0:12
Eric Gelinas 0 0 0 0 2 2 0 1 0 0 0/0 19:56 2:54 2:11
Jake Gardiner 0 0 0 4 0 1 2 0 0 1 0/0 30:34 3:03 4:15
Jared Cowen 0 1 1 4 0 2 2 1 0 0 0/0 30:34 3:03 4:15
Jordan Martinook 1 0 1 1 2 5 2 0 0 0 0/0 16:08 2:21 1:32
Justin Schultz 0 0 0 1 2 2 2 1 0 0 0/0 20:26 2:54 2:54
Michael Frolik 1 0 1 2 2 3 2 1 1 2 1/2 17:13 3:23 0:00
Nick Bjugstad 1 1 2 2 0 5 2 1 0 1 20/46 22:28 3:23 4:41
Quinton Howden 0 2 2 1 0 3 0 0 0 0 1/2 12:24 0:00 0:00
Richard Panik 1 2 3 2 0 3 0 1 0 1 2/2 13:19 0:13 0:00
Riley Sheahan 1 0 1 2 0 1 0 0 0 0 0/1 14:16 2:21 0:00
Tim Schaller 0 0 0 0 0 3 2 0 1 0 0/0 9:20 0:13 0:57
Zachary Sanford 1 1 2 1 2 3 2 0 1 0 0/0 12:26 0:00 0:03
Players Stats for Jets
Player Name G A P +/- PIM S H SB GA TA FO MP PP MP PK MP
------------------------------------------------------------------------------------
Adam Gaudette 0 0 0 -1 0 0 2 0 0 0 1/2 16:21 3:14 0:00
Adam Larsson 1 1 2 0 0 1 0 2 0 0 0/0 31:00 3:59 4:15
Alex Tuch 0 0 0 -2 0 0 1 0 0 0 0/0 9:46 0:00 0:00
Anthony Mantha 1 1 2 -1 0 3 0 0 2 0 0/4 24:07 4:08 3:56
Dougie Hamilton 0 1 1 0 0 0 2 4 1 0 0/0 31:00 3:59 4:15
Dylan Strome 0 0 0 -1 2 2 1 0 1 0 9/19 17:32 3:14 1:04
Erik Cernak 0 0 0 -3 0 0 1 0 0 0 0/0 10:05 0:00 0:32
Frank Vatrano 0 0 0 -1 0 1 1 1 0 0 0/0 7:37 0:00 0:00
Jack Roslovic 0 2 2 -1 0 10 1 1 1 0 2/2 20:11 4:08 0:00
Matt Martin 0 0 0 -1 0 0 2 0 0 0 1/2 18:11 3:14 1:52
Mirco Mueller 0 0 0 -3 0 0 0 0 0 1 0/0 9:33 0:00 0:00
Pavel Buchnevich 0 0 0 -2 2 3 1 1 0 1 1/1 10:44 0:00 0:42
Roope Hintz 0 0 0 -2 0 2 0 0 0 1 2/3 9:39 0:00 0:15
Ryan Murray 0 0 0 -2 2 0 2 2 0 1 0/0 19:07 3:23 1:10
Sam Reinhart 0 0 0 -1 0 1 0 0 0 0 2/4 7:37 0:00 0:00
Samuel Blais 0 0 0 -1 0 2 0 0 0 0 1/1 7:56 0:00 0:09
Troy Stetcher 1 1 2 -2 0 1 2 2 0 1 0/0 19:27 3:23 1:42
Tyler Seguin 1 1 2 -1 0 3 0 0 1 1 19/31 24:07 4:08 3:56
3 Stars
1 - Richard Panik (Ott)
2 - Nick Bjugstad (Ott)
3 - Jared Cowen (Ott)
Power Play
Senateurs - 0 on 3 Attempt(s) - 0.00%
Jets - 3 on 6 Attempt(s) - 50.00%
Penalty Kill
Senateurs - 3 on 6 Attempt(s) - 50.00%
- Score 0 goal in Penalty Kill
Jets - 3 on 3 Attempt(s) - 100.00%
- Score 0 goal in Penalty Kill
Team Stat
Senateurs - Hits : 21 - Faceoff Wins : 31 - Blocked Shots : 9 - Penalty Minutes : 12
Jets - Hits : 16 - Faceoff Wins : 38 - Blocked Shots : 13 - Penalty Minutes : 6
Official
Referees : Jean Hebert and Kyle Rehman
Linesman : Bevan Mills and Libor Suchanek
Game Notes
15:46 of 2nd period - Jets goal is going for a video replay. After video review, No Goal. The puck has entered the net after making contact with an attacking player’s stick that is above the height of the crossbar.
Brendan Smith is injured at 12:03 of 3rd period (Right Leg)
Finance
Level 1 -- Attendance: 5894 (98.23%) -- Ticket Income $589,400
Level 2 -- Attendance: 4542 (90.84%) -- Ticket Income $317,940
Level 3 -- Attendance: 2000 (100.00%) -- Ticket Income $80,000
Level 4 -- Attendance: 3589 (89.73%) -- Ticket Income $107,670
Luxury Box -- Attendance: 1000 (100.00%) -- Ticket Income $200,000
Game was played at the Bell MTS Place.
Total Attendance: 17025 (94.58%)
Total Ticket Income: $1,295,010
Other Income: $194,252
Total Income: $1,489,262
Senateurs
5 vs 5 Forward
Center Left Wing Right Wing Time % Phy DF OF
1 Nick Bjugstad Alex Iafallo Michael Frolik 40 1 2 2
2 Adam Henrique Jordan Martinook Riley Sheahan 30 1 2 2
3 Quinton Howden Zachary Sanford Richard Panik 20 1 2 2
4 Christoph Bertschy Tim Schaller Anthony Beauvillier 10 1 2 2
5 vs 5 Defense
Defense Defense Time % Phy DF OF
1 Jake Gardiner Jared Cowen 40 1 2 2
2 Eric Gelinas Justin Schultz 30 1 2 2
3 Brendan Smith Anton Lindholm 20 1 2 2
4 Jake Gardiner Jared Cowen 10 1 2 2
PowerPlay Forward
Center Left Wing Right Wing Time % Phy DF OF
1 Nick Bjugstad Alex Iafallo Michael Frolik 60 0 1 4
2 Adam Henrique Jordan Martinook Riley Sheahan 40 0 1 4
PowerPlay Defense
Defense Defense Time % Phy DF OF
1 Jake Gardiner Jared Cowen 60 0 1 4
2 Eric Gelinas Justin Schultz 40 0 1 4
Penalty Kill 4 Players Forward
Center Wing Time % Phy DF OF
1 Nick Bjugstad Alex Iafallo 60 1 4 0
2 Adam Henrique Jordan Martinook 40 1 4 0
Penalty Kill 4 Players Defense
Defense Defense Time % Phy DF OF
1 Jake Gardiner Jared Cowen 60 1 4 0
2 Eric Gelinas Justin Schultz 40 1 4 0
Penalty Kill - 3 Players Forward
Forward Time % Phy DF OF
1 Nick Bjugstad 60 1 4 0
2 Adam Henrique 40 1 4 0
Penalty Kill - 3 Players Defense
Defense Defense Time % Phy DF OF
1 Jake Gardiner Jared Cowen 60 1 4 0
2 Eric Gelinas Justin Schultz 40 1 4 0
4 vs 4 Forward
Center Wing Time % Phy DF OF
1 Nick Bjugstad Alex Iafallo 60 0 2 3
2 Adam Henrique Jordan Martinook 40 1 2 2
4 vs 4 Defense
Defense Defense Time % Phy DF OF
1 Jake Gardiner Jared Cowen 60 0 2 3
2 Eric Gelinas Justin Schultz 40 1 2 2
Last Minutes Offensive
Center Left Wing Right Wing Defense Defense
Nick Bjugstad Alex Iafallo Michael Frolik Jake Gardiner Jared Cowen
Last Minutes Defensive
Center Left Wing Right Wing Defense Defense
Nick Bjugstad Alex Iafallo Michael Frolik Jake Gardiner Jared Cowen
Goaltenders
Starting : Mikko Koskinen
Backup : Martin Jones
Extra Forwards
Normal : Alex Iafallo, Richard Panik, Jordan Martinook - PP : Alex Iafallo, Richard Panik - PK : Alex Iafallo
Extra Defensemen
Normal : Justin Schultz, Brendan Smith, Anton Lindholm - PP : Justin Schultz - PK : Justin Schultz, Brendan Smith
Penalty Shots
Adam Henrique, Nick Bjugstad, Michael Frolik, Riley Sheahan, Alex Iafallo
Custom OT Lines Forwards
Adam Henrique, Nick Bjugstad, Michael Frolik, Riley Sheahan, Alex Iafallo, Richard Panik, Jordan Martinook, Quinton Howden, Zachary Sanford, Tim Schaller
Custom OT Lines Defensemen
Jake Gardiner, Jared Cowen, Eric Gelinas, Justin Schultz, Brendan Smith
Scratches
Dennis Everberg (Healthy), Dmitry Sinitsyn (Healthy), Gustav Nyquist (Healthy), Rostislav Olesz (Healthy), Zac Leslie (Healthy)
Jets
5 vs 5 Forward
Center Left Wing Right Wing Time % Phy DF OF
1 Tyler Seguin Anthony Mantha Jack Roslovic 35 1 2 2
2 Dylan Strome Matt Martin Adam Gaudette 35 1 2 2
3 Roope Hintz Pavel Buchnevich Alex Tuch 20 1 2 2
4 Sam Reinhart Samuel Blais Frank Vatrano 10 1 2 2
5 vs 5 Defense
Defense Defense Time % Phy DF OF
1 Adam Larsson Dougie Hamilton 40 1 2 2
2 Ryan Murray Troy Stetcher 30 1 2 2
3 Erik Cernak Mirco Mueller 20 1 2 2
4 Adam Larsson Dougie Hamilton 10 1 2 2
PowerPlay Forward
Center Left Wing Right Wing Time % Phy DF OF
1 Tyler Seguin Anthony Mantha Jack Roslovic 60 1 1 3
2 Dylan Strome Matt Martin Adam Gaudette 40 1 1 3
PowerPlay Defense
Defense Defense Time % Phy DF OF
1 Adam Larsson Dougie Hamilton 60 1 2 2
2 Ryan Murray Troy Stetcher 40 1 2 2
Penalty Kill 4 Players Forward
Center Wing Time % Phy DF OF
1 Tyler Seguin Anthony Mantha 60 1 2 2
2 Dylan Strome Matt Martin 40 1 2 2
Penalty Kill 4 Players Defense
Defense Defense Time % Phy DF OF
1 Adam Larsson Dougie Hamilton 60 1 2 2
2 Ryan Murray Troy Stetcher 40 1 2 2
Penalty Kill - 3 Players Forward
Forward Time % Phy DF OF
1 Tyler Seguin 60 1 2 2
2 Dylan Strome 40 1 2 2
Penalty Kill - 3 Players Defense
Defense Defense Time % Phy DF OF
1 Adam Larsson Dougie Hamilton 60 1 2 2
2 Ryan Murray Troy Stetcher 40 1 2 2
4 vs 4 Forward
Center Wing Time % Phy DF OF
1 Tyler Seguin Anthony Mantha 60 1 2 2
2 Dylan Strome Matt Martin 40 1 2 2
4 vs 4 Defense
Defense Defense Time % Phy DF OF
1 Adam Larsson Dougie Hamilton 60 1 2 2
2 Ryan Murray Troy Stetcher 40 1 2 2
Last Minutes Offensive
Center Left Wing Right Wing Defense Defense
Tyler Seguin Anthony Mantha Jack Roslovic Adam Larsson Dougie Hamilton
Last Minutes Defensive
Center Left Wing Right Wing Defense Defense
Tyler Seguin Anthony Mantha Jack Roslovic Adam Larsson Dougie Hamilton
Goaltenders
Starting : Jacob Markstrom
Backup : James Reimer
Extra Forwards
Normal : Pavel Buchnevich, Adam Gaudette, Alex Tuch - PP : Pavel Buchnevich, Adam Gaudette - PK : Pavel Buchnevich
Extra Defensemen
Normal : Troy Stetcher, Erik Cernak, Mirco Mueller - PP : Troy Stetcher - PK : Troy Stetcher, Erik Cernak
Penalty Shots
Tyler Seguin, Jack Roslovic, Anthony Mantha, Matt Martin, Pavel Buchnevich
Custom OT Lines Forwards
Tyler Seguin, Jack Roslovic, Anthony Mantha, Matt Martin, Pavel Buchnevich, Adam Gaudette, Alex Tuch, Frank Vatrano, Dylan Strome, Roope Hintz
Custom OT Lines Defensemen
Adam Larsson, Dougie Hamilton, Ryan Murray, Troy Stetcher, Erik Cernak
Scratches
Ryan Johansen (Bruised Right Shoulder Injury)
% Time on Ice - Senateurs
Lines # - Real PCT - Wanted PCT - Time Play
Normal Forward
1 - 31% - 40% - 14:26
2 - 26% - 30% - 12:21
3 - 27% - 20% - 12:24
4 - 16% - 10% - 7:30
Normal Defense
1 - 44% - 40% - 20:21
2 - 31% - 30% - 14:36
3 - 19% - 20% - 8:49
4 - 6% - 10% - 2:55
PP Forward
1 - 57% - 60% - 3:23
2 - 43% - 40% - 2:34
PP Defense
1 - 51% - 60% - 3:03
2 - 49% - 40% - 2:54
PK Forward
1 - 77% - 60% - 5:39
2 - 23% - 40% - 1:43
PK Defense
1 - 58% - 60% - 4:15
2 - 42% - 40% - 3:07
PK3 Forward
1 - 0% - 60%
2 - 0% - 40%
PK3 Defense
1 - 0% - 60%
2 - 0% - 40%
44 Forward
1 - 0% - 60%
2 - 0% - 40%
44 Defense
1 - 0% - 60%
2 - 0% - 40%
Last Minute Offensive - 0:00
Last Minute Defensive - 0:00
Total
Forward - 60:00
Defense - 60:00
|
% Time on Ice - Jets
Lines # - Real PCT - Wanted PCT - Time Play
Normal Forward
1 - 35% - 35% - 16:25
2 - 28% - 35% - 13:15
3 - 20% - 20% - 9:24
4 - 16% - 10% - 7:37
Normal Defense
1 - 43% - 40% - 19:59
2 - 31% - 30% - 14:22
3 - 20% - 20% - 9:33
4 - 6% - 10% - 2:47
PP Forward
1 - 56% - 60% - 4:08
2 - 44% - 40% - 3:14
PP Defense
1 - 54% - 60% - 3:59
2 - 46% - 40% - 3:23
PK Forward
1 - 66% - 60% - 3:56
2 - 34% - 40% - 2:01
PK Defense
1 - 71% - 60% - 4:15
2 - 29% - 40% - 1:42
PK3 Forward
1 - 0% - 60%
2 - 0% - 40%
PK3 Defense
1 - 0% - 60%
2 - 0% - 40%
44 Forward
1 - 0% - 60%
2 - 0% - 40%
44 Defense
1 - 0% - 60%
2 - 0% - 40%
Last Minute Offensive - 0:00
Last Minute Defensive - 0:00
Total
Forward - 60:00
Defense - 60:00
|
Play-by-Play
1st period
0:01 of 1st period - Tyler Seguin wins face-off versus Nick Bjugstad in neutral zone.
0:25 of 1st period - Matt Martin is hit by Jordan Martinook and loses puck.
0:43 of 1st period - Minor Penalty to Jordan Martinook for Cross-checking.
0:44 of 1st period - Nick Bjugstad wins face-off versus Anthony Mantha in Senateurs zone.
1:01 of 1st period - Snap shot by Tyler Seguin.
1:01 of 1st period - Stopped by Mikko Koskinen without a rebound.
1:02 of 1st period - Dylan Strome wins face-off versus Adam Henrique in Senateurs zone.
1:39 of 1st period - Snap shot by Anthony Mantha.
1:39 of 1st period - Shot Blocked by Eric Gelinas.
2:43 of 1st period - Penalty to Jordan Martinook is over, Jordan Martinook is back on ice.
3:07 of 1st period - Snap shot by Nick Bjugstad.
3:07 of 1st period - Shot Blocked by Ryan Murray.
3:09 of 1st period - Wrist shot by Jordan Martinook.
3:09 of 1st period - Stopped by Jacob Markstrom with a rebound.
3:11 of 1st period - Slapshot by Nick Bjugstad.
3:11 of 1st period - Stopped by Jacob Markstrom with a rebound.
3:13 of 1st period - Wrist shot by Jordan Martinook.
3:13 of 1st period - Stopped by Jacob Markstrom with a rebound.
3:15 of 1st period - Snap shot by Tim Schaller.
3:15 of 1st period - Deflect By Jordan Martinook.
3:15 of 1st period - Stopped by Jacob Markstrom without a rebound.
3:16 of 1st period - Sam Reinhart wins face-off versus Quinton Howden in Jets zone.
3:16 of 1st period - Sam Reinhart is hit by Jake Gardiner.
4:22 of 1st period - Icing by Dougie Hamilton.
4:23 of 1st period - Roope Hintz wins face-off versus Christoph Bertschy in Jets zone.
4:30 of 1st period - Wrist shot by Tim Schaller.
4:30 of 1st period - Stopped by Jacob Markstrom without a rebound.
4:31 of 1st period - Adam Henrique wins face-off versus Tyler Seguin in Jets zone.
4:48 of 1st period - Slapshot by Jordan Martinook.
4:48 of 1st period - Stopped by Jacob Markstrom without a rebound.
4:49 of 1st period - Nick Bjugstad wins face-off versus Dylan Strome in Jets zone.
4:50 of 1st period - Snap shot by Alex Iafallo.
4:50 of 1st period - Shot Blocked by Dougie Hamilton.
5:20 of 1st period - Slapshot by Zachary Sanford.
5:20 of 1st period - Shot Blocked by Dougie Hamilton.
5:28 of 1st period - Snap shot by Anthony Mantha.
5:28 of 1st period - Shot Misses the Net.
5:46 of 1st period - Wrist shot by Pavel Buchnevich.
5:46 of 1st period - Deflect By Roope Hintz.
5:46 of 1st period - Stopped by Mikko Koskinen without a rebound.
5:47 of 1st period - Nick Bjugstad wins face-off versus Matt Martin in Senateurs zone.
5:47 of 1st period - Nick Bjugstad is hit by Ryan Murray.
6:03 of 1st period - Snap shot by Alex Iafallo.
6:03 of 1st period - Shot Misses the Net.
6:28 of 1st period - Christoph Bertschy is hit by Adam Gaudette and loses puck.
6:49 of 1st period - Snap shot by Dylan Strome.
6:49 of 1st period - Stopped by Mikko Koskinen without a rebound.
6:50 of 1st period - Tyler Seguin wins face-off versus Nick Bjugstad in Senateurs zone.
7:15 of 1st period - Jordan Martinook is hit by Dougie Hamilton and loses puck.
7:44 of 1st period - Snap shot by Dougie Hamilton.
7:44 of 1st period - Deflect By Samuel Blais.
7:44 of 1st period - Stopped by Mikko Koskinen with a rebound.
9:58 of 1st period - Wrist shot by Samuel Blais.
9:58 of 1st period - Stopped by Mikko Koskinen without a rebound.
9:59 of 1st period - Sam Reinhart wins face-off versus Christoph Bertschy in Senateurs zone.
10:12 of 1st period - Wrist shot by Christoph Bertschy.
10:12 of 1st period - Shot Blocked by Adam Larsson.
10:14 of 1st period - Snap shot by Eric Gelinas.
10:14 of 1st period - Stopped by Jacob Markstrom with a rebound.
10:16 of 1st period - Snap shot by Justin Schultz.
10:16 of 1st period - Shot Misses the Net.
10:18 of 1st period - Wrist shot by Anthony Beauvillier.
10:18 of 1st period - Shot Blocked by Dougie Hamilton.
10:45 of 1st period - Slapshot by Jake Gardiner.
10:45 of 1st period - Shot Blocked by Adam Larsson.
10:47 of 1st period - Slapshot by Eric Gelinas.
10:47 of 1st period - Deflect By Tim Schaller.
10:47 of 1st period - Stopped by Jacob Markstrom with a rebound.
10:49 of 1st period - Slapshot by Eric Gelinas.
10:49 of 1st period - Shot Misses the Net.
11:11 of 1st period - Slapshot by Christoph Bertschy.
11:11 of 1st period - Stopped by Jacob Markstrom without a rebound.
11:12 of 1st period - Nick Bjugstad wins face-off versus Tyler Seguin in Jets zone.
11:13 of 1st period - Backhand shot by Michael Frolik.
11:13 of 1st period - Stopped by Jacob Markstrom without a rebound.
11:14 of 1st period - Tyler Seguin wins face-off versus Nick Bjugstad in Jets zone.
11:16 of 1st period - Minor Penalty to Ryan Murray for Slashing.
11:17 of 1st period - Nick Bjugstad wins face-off versus Tyler Seguin in Jets zone.
11:31 of 1st period - Wrist shot by Nick Bjugstad.
11:31 of 1st period - Stopped by Jacob Markstrom without a rebound.
11:32 of 1st period - Tyler Seguin wins face-off versus Nick Bjugstad in Jets zone.
12:24 of 1st period - Icing by Justin Schultz.
12:25 of 1st period - Tyler Seguin wins face-off versus Nick Bjugstad in Senateurs zone.
12:46 of 1st period - Wrist shot by Adam Henrique.
12:46 of 1st period - Stopped by Jacob Markstrom without a rebound.
12:47 of 1st period - Nick Bjugstad wins face-off versus Tyler Seguin in Jets zone.
12:56 of 1st period - Snap shot by Nick Bjugstad.
12:56 of 1st period - Shot Misses the Net.
12:58 of 1st period - Slapshot by Jake Gardiner.
12:58 of 1st period - Stopped by Jacob Markstrom with a rebound.
13:00 of 1st period - Snap shot by Nick Bjugstad.
13:00 of 1st period - Stopped by Jacob Markstrom with a rebound.
13:02 of 1st period - Snap shot by Jared Cowen.
13:02 of 1st period - Shot Misses the Net.
13:16 of 1st period - Penalty to Ryan Murray is over, Ryan Murray is back on ice.
13:19 of 1st period - Adam Larsson is hit by Adam Henrique and loses puck.
13:34 of 1st period - Adam Larsson is hit by Zachary Sanford and loses puck.
13:43 of 1st period - Wrist shot by Richard Panik.
13:43 of 1st period - Stopped by Jacob Markstrom without a rebound.
13:44 of 1st period - Tyler Seguin wins face-off versus Nick Bjugstad in Jets zone.
13:53 of 1st period - Wrist shot by Tyler Seguin.
13:53 of 1st period - Shot Misses the Net.
13:55 of 1st period - Wrist shot by Jack Roslovic.
13:55 of 1st period - Stopped by Mikko Koskinen without a rebound.
13:56 of 1st period - Nick Bjugstad wins face-off versus Tyler Seguin in Senateurs zone.
14:09 of 1st period - Wrist shot by Nick Bjugstad.
14:09 of 1st period - Stopped by Jacob Markstrom with a rebound.
14:11 of 1st period - Slapshot by Michael Frolik.
14:11 of 1st period - Goal by Michael Frolik - Senateurs : 1 - Jets : 0.
14:12 of 1st period - Nick Bjugstad wins face-off versus Tyler Seguin in neutral zone.
15:11 of 1st period - Wrist shot by Pavel Buchnevich.
15:11 of 1st period - Stopped by Mikko Koskinen with a rebound.
15:19 of 1st period - Minor Penalty to Brendan Smith for Interference.
15:20 of 1st period - Tyler Seguin wins face-off versus Nick Bjugstad in Senateurs zone.
15:35 of 1st period - Snap shot by Anthony Mantha.
15:35 of 1st period - Shot Misses the Net.
15:37 of 1st period - Snap shot by Anthony Mantha.
15:37 of 1st period - Goal by Anthony Mantha - Senateurs : 1 - Jets : 1.
15:38 of 1st period - Tyler Seguin wins face-off versus Nick Bjugstad in neutral zone.
15:41 of 1st period - Backhand shot by Troy Stetcher.
15:41 of 1st period - Shot Blocked by Nick Bjugstad.
15:50 of 1st period - Snap shot by Anthony Mantha.
15:50 of 1st period - Stopped by Mikko Koskinen with a rebound.
15:52 of 1st period - Slapshot by Troy Stetcher.
15:52 of 1st period - Shot Misses the Net.
15:54 of 1st period - Slapshot by Troy Stetcher.
15:54 of 1st period - Shot Blocked by Michael Frolik.
16:49 of 1st period - Slapshot by Christoph Bertschy.
16:49 of 1st period - Deflect By Tim Schaller.
16:49 of 1st period - Shot Misses the Net.
16:49 of 1st period - Puck is out of play.
16:50 of 1st period - Tyler Seguin wins face-off versus Christoph Bertschy in Jets zone.
16:59 of 1st period - Snap shot by Anthony Mantha.
16:59 of 1st period - Stopped by Mikko Koskinen without a rebound.
17:00 of 1st period - Dylan Strome wins face-off versus Nick Bjugstad in Senateurs zone.
17:08 of 1st period - Off-side.
17:09 of 1st period - Dylan Strome wins face-off versus Michael Frolik in neutral zone.
17:38 of 1st period - Off-side.
17:39 of 1st period - Tyler Seguin wins face-off versus Riley Sheahan in neutral zone.
17:44 of 1st period - Wrist shot by Jack Roslovic.
17:44 of 1st period - Stopped by Mikko Koskinen without a rebound.
17:45 of 1st period - Tyler Seguin wins face-off versus Adam Henrique in Senateurs zone.
19:06 of 1st period - Minor Penalty to Pavel Buchnevich for High sticking.
19:07 of 1st period - Tyler Seguin wins face-off versus Nick Bjugstad in Jets zone.
19:23 of 1st period - Snap shot by Michael Frolik.
19:23 of 1st period - Shot Misses the Net.
19:39 of 1st period - Dougie Hamilton is hit by Jordan Martinook and loses puck.
19:54 of 1st period - Slapshot by Dougie Hamilton.
19:54 of 1st period - Shot Misses the Net.
Goals for this period are 1 for Senateurs vs 1 for Jets.
Shots for this period are 17 for Senateurs vs 11 for Jets.
2nd period
0:01 of 2nd period - Tyler Seguin wins face-off versus Nick Bjugstad in neutral zone.
1:06 of 2nd period - Penalty to Pavel Buchnevich is over, Pavel Buchnevich is back on ice.
1:10 of 2nd period - Snap shot by Dylan Strome.
1:10 of 2nd period - Stopped by Mikko Koskinen with a rebound.
1:12 of 2nd period - Minor Penalty to Zachary Sanford for Slashing.
1:13 of 2nd period - Nick Bjugstad wins face-off versus Adam Gaudette in Senateurs zone.
1:52 of 2nd period - Snap shot by Jack Roslovic.
1:52 of 2nd period - Shot Misses the Net.
1:54 of 2nd period - Slapshot by Troy Stetcher.
1:54 of 2nd period - Deflect By Jake Gardiner.
1:54 of 2nd period - Goal by Troy Stetcher - Senateurs : 1 - Jets : 2.
1:55 of 2nd period - Adam Henrique wins face-off versus Anthony Mantha in neutral zone.
3:08 of 2nd period - Slapshot by Justin Schultz.
3:08 of 2nd period - Stopped by Jacob Markstrom without a rebound.
3:09 of 2nd period - Christoph Bertschy wins face-off versus Sam Reinhart in Jets zone.
3:16 of 2nd period - Snap shot by Christoph Bertschy.
3:16 of 2nd period - Shot Misses the Net.
3:34 of 2nd period - Anthony Mantha is hit by Anton Lindholm and loses puck.
3:39 of 2nd period - Snap shot by Nick Bjugstad.
3:39 of 2nd period - Goal by Nick Bjugstad - Senateurs : 2 - Jets : 2.
3:40 of 2nd period - Jack Roslovic wins face-off versus Nick Bjugstad in neutral zone.
3:47 of 2nd period - Snap shot by Anthony Mantha.
3:47 of 2nd period - Shot Misses the Net.
3:57 of 2nd period - Snap shot by Jack Roslovic.
3:57 of 2nd period - Stopped by Mikko Koskinen without a rebound.
3:58 of 2nd period - Adam Henrique wins face-off versus Dylan Strome in Senateurs zone.
4:20 of 2nd period - Icing by Jake Gardiner.
4:21 of 2nd period - Tyler Seguin wins face-off versus Adam Henrique in Senateurs zone.
4:57 of 2nd period - Minor Penalty to Dylan Strome for Goalie Interference.
4:58 of 2nd period - Tyler Seguin wins face-off versus Nick Bjugstad in Jets zone.
6:26 of 2nd period - Alex Iafallo is hit by Matt Martin and loses puck.
6:57 of 2nd period - Penalty to Dylan Strome is over, Dylan Strome is back on ice.
7:45 of 2nd period - Jared Cowen is hit by Pavel Buchnevich and loses puck.
8:06 of 2nd period - Anton Lindholm is hit by Erik Cernak and loses puck.
8:40 of 2nd period - Icing by Troy Stetcher.
8:41 of 2nd period - Nick Bjugstad wins face-off versus Tyler Seguin in Jets zone.
9:10 of 2nd period - Snap shot by Sam Reinhart.
9:10 of 2nd period - Deflect By Frank Vatrano.
9:10 of 2nd period - Stopped by Mikko Koskinen with a rebound.
9:12 of 2nd period - Slapshot by Ryan Murray.
9:12 of 2nd period - Deflect By Sam Reinhart.
9:12 of 2nd period - Stopped by Mikko Koskinen with a rebound.
9:36 of 2nd period - Wrist shot by Richard Panik.
9:36 of 2nd period - Stopped by Jacob Markstrom without a rebound.
9:37 of 2nd period - Tyler Seguin wins face-off versus Alex Iafallo in Jets zone.
10:15 of 2nd period - Snap shot by Anthony Mantha.
10:15 of 2nd period - Shot Blocked by Richard Panik.
10:31 of 2nd period - Slapshot by Jack Roslovic.
10:31 of 2nd period - Stopped by Mikko Koskinen with a rebound.
10:33 of 2nd period - Wrist shot by Tyler Seguin.
10:33 of 2nd period - Stopped by Mikko Koskinen with a rebound.
10:35 of 2nd period - Snap shot by Anthony Mantha.
10:35 of 2nd period - Shot Misses the Net.
10:37 of 2nd period - Snap shot by Anthony Mantha.
10:37 of 2nd period - Deflect By Jack Roslovic.
10:37 of 2nd period - Stopped by Mikko Koskinen with a rebound.
10:39 of 2nd period - Slapshot by Adam Larsson.
10:39 of 2nd period - Shot Misses the Net.
10:55 of 2nd period - Slapshot by Adam Larsson.
10:55 of 2nd period - Shot Misses the Net.
10:57 of 2nd period - Slapshot by Adam Larsson.
10:57 of 2nd period - Goal by Adam Larsson - Senateurs : 2 - Jets : 3.
10:58 of 2nd period - Dylan Strome wins face-off versus Nick Bjugstad in neutral zone.
11:01 of 2nd period - Alex Iafallo is hit by Matt Martin and loses puck.
11:08 of 2nd period - Snap shot by Justin Schultz.
11:08 of 2nd period - Stopped by Jacob Markstrom without a rebound.
11:09 of 2nd period - Dylan Strome wins face-off versus Nick Bjugstad in Jets zone.
11:28 of 2nd period - Troy Stetcher is hit by Michael Frolik and loses puck.
12:53 of 2nd period - Snap shot by Roope Hintz.
12:53 of 2nd period - Shot Misses the Net.
12:59 of 2nd period - Pavel Buchnevich is hit by Jake Gardiner and loses puck.
13:10 of 2nd period - Snap shot by Tim Schaller.
13:10 of 2nd period - Shot Blocked by Pavel Buchnevich.
13:28 of 2nd period - Wrist shot by Tim Schaller.
13:28 of 2nd period - Shot Misses the Net.
13:30 of 2nd period - Snap shot by Tim Schaller.
13:30 of 2nd period - Stopped by Jacob Markstrom without a rebound.
13:31 of 2nd period - Dylan Strome wins face-off versus Nick Bjugstad in Jets zone.
13:59 of 2nd period - Snap shot by Adam Henrique.
13:59 of 2nd period - Shot Blocked by Troy Stetcher.
14:01 of 2nd period - Snap shot by Brendan Smith.
14:01 of 2nd period - Stopped by Jacob Markstrom without a rebound.
14:02 of 2nd period - Tyler Seguin wins face-off versus Adam Henrique in Jets zone.
14:15 of 2nd period - Slapshot by Tyler Seguin.
14:15 of 2nd period - Shot Blocked by Justin Schultz.
14:40 of 2nd period - Adam Gaudette is hit by Brendan Smith and loses puck.
15:42 of 2nd period - Snap shot by Jack Roslovic.
15:42 of 2nd period - Stopped by Mikko Koskinen with a rebound.
15:44 of 2nd period - Slapshot by Troy Stetcher.
15:44 of 2nd period - Shot Hit the Post.
15:46 of 2nd period - Wrist shot by Jack Roslovic.
15:46 of 2nd period - Jets goal is going for a video replay.
15:46 of 2nd period - The goal is refused. The puck has entered the net after making contact with an attacking player’s stick that is above the height of the crossbar..
15:47 of 2nd period - Nick Bjugstad wins face-off versus Dylan Strome in Senateurs zone.
15:47 of 2nd period - Nick Bjugstad is hit by Adam Gaudette.
15:57 of 2nd period - Off-side.
15:58 of 2nd period - Nick Bjugstad wins face-off versus Dylan Strome in neutral zone.
16:07 of 2nd period - Slapshot by Alex Iafallo.
16:07 of 2nd period - Deflect By Michael Frolik.
16:07 of 2nd period - Stopped by Jacob Markstrom with a rebound.
16:09 of 2nd period - Snap shot by Michael Frolik.
16:09 of 2nd period - Shot Blocked by Dougie Hamilton.
16:25 of 2nd period - Jake Gardiner is hit by Dougie Hamilton and loses puck.
16:38 of 2nd period - Snap shot by Pavel Buchnevich.
16:38 of 2nd period - Stopped by Mikko Koskinen without a rebound.
16:39 of 2nd period - Quinton Howden wins face-off versus Dylan Strome in Senateurs zone.
16:48 of 2nd period - Wrist shot by Quinton Howden.
16:48 of 2nd period - Stopped by Jacob Markstrom with a rebound.
17:06 of 2nd period - Justin Schultz is hit by Ryan Murray and loses puck.
17:43 of 2nd period - Justin Schultz is hit by Frank Vatrano and loses puck.
18:20 of 2nd period - Snap shot by Zachary Sanford.
18:20 of 2nd period - Stopped by Jacob Markstrom without a rebound.
18:21 of 2nd period - Tyler Seguin wins face-off versus Nick Bjugstad in Jets zone.
18:32 of 2nd period - Wrist shot by Anthony Mantha.
18:32 of 2nd period - Shot Blocked by Alex Iafallo.
18:36 of 2nd period - Snap shot by Jack Roslovic.
18:36 of 2nd period - Stopped by Mikko Koskinen without a rebound.
18:37 of 2nd period - Adam Henrique wins face-off versus Dylan Strome in Senateurs zone.
19:44 of 2nd period - Slapshot by Pavel Buchnevich.
19:44 of 2nd period - Stopped by Mikko Koskinen with a rebound.
19:54 of 2nd period - Ryan Murray is hit by Tim Schaller and loses puck.
Goals for this period are 1 for Senateurs vs 2 for Jets.
Shots for this period are 9 for Senateurs vs 14 for Jets.
3rd period
0:01 of 3rd period - Nick Bjugstad wins face-off versus Dylan Strome in neutral zone.
0:04 of 3rd period - Adam Larsson is hit by Alex Iafallo and loses puck.
0:53 of 3rd period - Snap shot by Roope Hintz.
0:53 of 3rd period - Stopped by Mikko Koskinen without a rebound.
0:54 of 3rd period - Adam Gaudette wins face-off versus Nick Bjugstad in Senateurs zone.
1:00 of 3rd period - Off-side.
1:01 of 3rd period - Matt Martin wins face-off versus Nick Bjugstad in neutral zone.
1:11 of 3rd period - Minor Penalty to Eric Gelinas for Tripping.
1:12 of 3rd period - Jack Roslovic wins face-off versus Nick Bjugstad in Senateurs zone.
1:47 of 3rd period - Off-side.
1:48 of 3rd period - Nick Bjugstad wins face-off versus Tyler Seguin in neutral zone.
3:11 of 3rd period - Penalty to Eric Gelinas is over, Eric Gelinas is back on ice.
3:22 of 3rd period - Snap shot by Zachary Sanford.
3:22 of 3rd period - Shot Misses the Net.
3:40 of 3rd period - Pavel Buchnevich is hit by Anthony Beauvillier and loses puck.
4:29 of 3rd period - Justin Schultz is hit by Troy Stetcher and loses puck.
4:43 of 3rd period - Off-side.
4:44 of 3rd period - Christoph Bertschy wins face-off versus Anthony Mantha in neutral zone.
4:49 of 3rd period - Jack Roslovic is hit by Tim Schaller and loses puck.
4:54 of 3rd period - Snap shot by Christoph Bertschy.
4:54 of 3rd period - Stopped by Jacob Markstrom without a rebound.
4:55 of 3rd period - Nick Bjugstad wins face-off versus Tyler Seguin in Jets zone.
4:58 of 3rd period - Snap shot by Alex Iafallo.
4:58 of 3rd period - Shot Blocked by Jack Roslovic.
5:00 of 3rd period - Snap shot by Alex Iafallo.
5:00 of 3rd period - Shot Misses the Net.
5:02 of 3rd period - Slapshot by Jared Cowen.
5:02 of 3rd period - Stopped by Jacob Markstrom without a rebound.
5:03 of 3rd period - Michael Frolik wins face-off versus Tyler Seguin in Jets zone.
5:09 of 3rd period - Off-side.
5:10 of 3rd period - Nick Bjugstad wins face-off versus Tyler Seguin in neutral zone.
5:20 of 3rd period - Dougie Hamilton is hit by Nick Bjugstad and loses puck.
5:48 of 3rd period - Slapshot by Jordan Martinook.
5:48 of 3rd period - Goal by Jordan Martinook - Senateurs : 3 - Jets : 3.
5:49 of 3rd period - Nick Bjugstad wins face-off versus Anthony Mantha in neutral zone.
6:37 of 3rd period - Snap shot by Jack Roslovic.
6:37 of 3rd period - Stopped by Mikko Koskinen with a rebound.
6:43 of 3rd period - Adam Larsson is hit by Zachary Sanford.
6:57 of 3rd period - Wrist shot by Quinton Howden.
6:57 of 3rd period - Shot Misses the Net.
7:03 of 3rd period - Wrist shot by Zachary Sanford.
7:03 of 3rd period - Shot Misses the Net.
7:39 of 3rd period - Adam Larsson is hit by Jared Cowen and loses puck.
8:04 of 3rd period - Snap shot by Jack Roslovic.
8:04 of 3rd period - Shot Blocked by Jared Cowen.
8:32 of 3rd period - Snap shot by Jack Roslovic.
8:32 of 3rd period - Stopped by Mikko Koskinen with a rebound.
9:30 of 3rd period - Backhand shot by Quinton Howden.
9:30 of 3rd period - Shot Misses the Net.
9:32 of 3rd period - Snap shot by Quinton Howden.
9:32 of 3rd period - Stopped by Jacob Markstrom with a rebound.
9:34 of 3rd period - Slapshot by Jared Cowen.
9:34 of 3rd period - Stopped by Jacob Markstrom without a rebound.
9:35 of 3rd period - Dylan Strome wins face-off versus Nick Bjugstad in Jets zone.
9:48 of 3rd period - Wrist shot by Alex Iafallo.
9:48 of 3rd period - Stopped by Jacob Markstrom with a rebound.
10:23 of 3rd period - Slapshot by Eric Gelinas.
10:23 of 3rd period - Stopped by Jacob Markstrom with a rebound.
10:25 of 3rd period - Slapshot by Anthony Beauvillier.
10:25 of 3rd period - Stopped by Jacob Markstrom without a rebound.
10:26 of 3rd period - Samuel Blais wins face-off versus Anthony Beauvillier in Jets zone.
11:13 of 3rd period - Wrist shot by Christoph Bertschy.
11:13 of 3rd period - Shot Misses the Net.
11:15 of 3rd period - Slapshot by Tim Schaller.
11:15 of 3rd period - Shot Blocked by Ryan Murray.
11:17 of 3rd period - Backhand shot by Tim Schaller.
11:17 of 3rd period - Shot Blocked by Frank Vatrano.
11:19 of 3rd period - Slapshot by Anton Lindholm.
11:19 of 3rd period - Shot Blocked by Troy Stetcher.
11:21 of 3rd period - Snap shot by Anthony Beauvillier.
11:21 of 3rd period - Stopped by Jacob Markstrom without a rebound.
11:22 of 3rd period - Dylan Strome wins face-off versus Nick Bjugstad in Jets zone.
11:22 of 3rd period - Dylan Strome is hit by Michael Frolik.
11:35 of 3rd period - Erik Cernak is hit by Justin Schultz.
11:41 of 3rd period - Eric Gelinas is hit by Dylan Strome and loses puck.
11:50 of 3rd period - Minor Penalty to Justin Schultz for Tripping.
11:51 of 3rd period - Nick Bjugstad wins face-off versus Dylan Strome in Senateurs zone.
12:02 of 3rd period - Brendan Smith is hit by Troy Stetcher and loses puck.
12:03 of 3rd period - Brendan Smith from Senateurs is injured at 12:03 of 3rd period (Right Leg).
12:04 of 3rd period - Tyler Seguin wins face-off versus Nick Bjugstad in Senateurs zone.
12:09 of 3rd period - Wrist shot by Tyler Seguin.
12:09 of 3rd period - Shot Misses the Net.
12:11 of 3rd period - Slapshot by Dougie Hamilton.
12:11 of 3rd period - Shot Misses the Net.
12:13 of 3rd period - Slapshot by Adam Larsson.
12:13 of 3rd period - Shot Blocked by Alex Iafallo.
12:15 of 3rd period - Backhand shot by Tyler Seguin.
12:15 of 3rd period - Goal by Tyler Seguin - Senateurs : 3 - Jets : 4.
12:16 of 3rd period - Dylan Strome wins face-off versus Nick Bjugstad in neutral zone.
13:40 of 3rd period - Samuel Blais is hit by Nick Bjugstad and loses puck.
13:53 of 3rd period - Slapshot by Adam Gaudette.
13:53 of 3rd period - Deflect By Matt Martin.
13:53 of 3rd period - Shot Misses the Net.
13:53 of 3rd period - Puck is out of play.
13:54 of 3rd period - Adam Henrique wins face-off versus Dylan Strome in Senateurs zone.
14:42 of 3rd period - Wrist shot by Zachary Sanford.
14:42 of 3rd period - Stopped by Jacob Markstrom with a rebound.
14:44 of 3rd period - Backhand shot by Zachary Sanford.
14:44 of 3rd period - Deflect By Richard Panik.
14:44 of 3rd period - Goal by Richard Panik - Senateurs : 4 - Jets : 4.
14:45 of 3rd period - Nick Bjugstad wins face-off versus Dylan Strome in neutral zone.
14:54 of 3rd period - Snap shot by Dylan Strome.
14:54 of 3rd period - Shot Misses the Net.
15:30 of 3rd period - Wrist shot by Quinton Howden.
15:30 of 3rd period - Stopped by Jacob Markstrom without a rebound.
15:31 of 3rd period - Richard Panik wins face-off versus Roope Hintz in Jets zone.
15:52 of 3rd period - Snap shot by Zachary Sanford.
15:52 of 3rd period - Goal by Zachary Sanford - Senateurs : 5 - Jets : 4.
15:53 of 3rd period - Pavel Buchnevich wins face-off versus Nick Bjugstad in neutral zone.
16:09 of 3rd period - Minor Penalty to Michael Frolik for Tripping.
16:10 of 3rd period - Nick Bjugstad wins face-off versus Tyler Seguin in Senateurs zone.
16:26 of 3rd period - Wrist shot by Jack Roslovic.
16:26 of 3rd period - Shot Blocked by Alex Iafallo.
17:00 of 3rd period - Troy Stetcher is hit by Justin Schultz and loses puck.
18:09 of 3rd period - Penalty to Michael Frolik is over, Michael Frolik is back on ice.
18:26 of 3rd period - Off-side.
18:27 of 3rd period - Richard Panik wins face-off versus Sam Reinhart in neutral zone.
18:36 of 3rd period - Backhand shot by Riley Sheahan.
18:36 of 3rd period - Goal by Riley Sheahan - Senateurs : 6 - Jets : 4.
18:37 of 3rd period - Roope Hintz wins face-off versus Nick Bjugstad in neutral zone.
18:45 of 3rd period - Jared Cowen is hit by Alex Tuch and loses puck.
19:04 of 3rd period - Jared Cowen is hit by Jack Roslovic and loses puck.
19:13 of 3rd period - Slapshot by Troy Stetcher.
19:13 of 3rd period - Shot Misses the Net.
19:15 of 3rd period - Slapshot by Anthony Mantha.
19:15 of 3rd period - Shot Misses the Net.
19:31 of 3rd period - Jack Roslovic is hit by Jared Cowen and loses puck.
Goals for this period are 4 for Senateurs vs 1 for Jets.
Shots for this period are 14 for Senateurs vs 4 for Jets.